 Dungeon Crawl Stone Soup version 0.30.0-10-gfe55d96785 (webtiles) character file.

Game seed: 459370496275493934

8785 McKennaii the Destroyer (level 10, 0/69 HPs)
             Began as a Demigod Conjurer on May 15, 2023.
             Slain by an ogre
             ... wielding a +0 giant club
             ... led by Lodul
              (17 damage)
             ... on level 11 of the Dungeon.
             The game lasted 00:15:45 (12074 turns).

McKennaii the Destroyer (Demigod Conjurer)         Turns: 12074, Time: 00:15:46

Health: 0/69       AC: 31    Str: 17    XL:     10   Next: 92%
Magic:  19/27      EV:  8    Int: 32    God:
Gold:   392        SH:  0    Dex: 12    Spells: 20/27 levels left

rFire   . . .        k - +2 whip (venom)
rCold   + . .        (no shield)
rNeg    . . .        y - +18 Lear's hauberk
rPois   .            (helmet currently unavailable)
rElec   .            D - +1 cloak of Lyjoteymm {Str+3}
rCorr   .            (gloves currently unavailable)
SInv    .            (boots currently unavailable)
Will    +....        (no amulet) Stlth
                     B - +6 ring of strength
HPRegen 0.31/turn    C - ring of protection from cold
MPRegen 0.20/turn

%: no passive effects
@: no status effects
A: high MP 1, forlorn, divine attributes
a: no special abilities


You were on level 11 of the Dungeon.
You visited 1 branch of the dungeon, and saw 11 of its levels.

You collected 620 gold pieces.
You spent 228 gold pieces at shops.

Inventory:

Hand Weapons
 k - a +2 whip of venom (weapon)
Armour
 e - a +0 helmet
 x - a +0 pair of boots
 y - the +18 Lear's hauberk (worn)
   (You found it on level 6 of the Dungeon)
 D - the +1 cloak of Lyjoteymm (worn) {Str+3}
   (You bought it in a shop on level 3 of the Dungeon)

   Str:       It affects your strength (+3).
Jewellery
 B - a +6 ring of strength (left hand)
 C - a ring of protection from cold (right hand)
 J - a +6 ring of intelligence
Wands
 z - a wand of flame (69)
 G - a wand of roots (12)
 I - a wand of paralysis (2)
Scrolls
 a - 2 scrolls of amnesia
 d - a scroll of enchant weapon
 f - 2 scrolls of fear
 g - a scroll of brand weapon
 h - 2 scrolls of blinking
 i - 2 scrolls of vulnerability
 m - 5 scrolls of teleportation
 n - a scroll of immolation
 o - 4 scrolls of acquirement
 q - a scroll of fog
 r - 2 scrolls of enchant armour
Potions
 b - 3 potions of magic
 c - 4 potions of attraction
 j - 3 potions of curing
 l - 2 potions of heal wounds
 p - 4 potions of mutation {unknown}
 s - 2 potions of invisibility {unknown}
 t - a potion of brilliance {unknown}
 u - a potion of might {unknown}
 v - 4 potions of flight {unknown}
 w - a potion of degeneration {unknown}
 A - 3 potions of cancellation {unknown}
 E - a potion of berserk rage {unknown}
 F - a potion of lignification {unknown}
 H - a potion of resistance {unknown}
 K - a potion of haste


   Skills:
 + Level 7.6 Armour
 - Level 1.7 Dodging
 - Level 1.7 Stealth
 + Level 9.3 Spellcasting
 + Level 10.6 Conjurations


You had 20 spell levels left.
You knew the following spells:

 Your Spells              Type           Power      Damage    Failure   Level
a - Magic Dart            Conj           100%       1d8       1%          1
b - Searing Ray           Conj           100%       2d8       1%          2
c - Iskenderun's Mystic   Conj/Tloc      49%        2d11      28%         4

Your spell library contained the following spells:

 Spells                   Type           Power      Damage    Failure   Level
 Kiss of Death            Conj/Necr      100%       2d13      3%          1
 Dazzling Flash           Conj/Hex       98%        N/A       9%          3
 Fulminant Prism          Conj/Hex       24%        3d12      28%         4
 Blink                    Tloc           28%        N/A       36%         2
 Confusing Touch          Hex            14%        N/A       61%         3
 Dispel Undead            Necr           14%        3d10      95%         4
 Manifold Assault         Tloc           14%        N/A       95%         4
 Storm Form               Tmut/Air       7%         N/A       100%        7


Dungeon Overview and Level Annotations

Branches:
Dungeon (11/15)            Temple (0/1) D:7            Lair (0/5) D:8
    Orc: D:9-12

Shops:
D:3 [

Annotations:
D:11 Lodul


Innate Abilities, Weirdness & Mutations

You have an increased reservoir of magic. (+10% MP)
You shall have no god before yourself.
Your divine heritage dramatically boosts your attributes as you level up.


Message History

The ogre is heavily wounded.
Casting: Magic Dart (safe; 1% risk of failure)
Confirm with . or Enter, or press ? or * to list all spells.
Aiming: Searing Ray (safe; 1% risk of failure)
Press: ? - help, Shift-Dir - straight line, f/p - ogre
Aim: an ogre, wielding a +0 giant club (heavily wounded, 92% to hit)
The searing ray hits the ogre!
You kill the ogre! (Press . to maintain the ray.) Lodul the Thundrous comes into view.
He is wielding a +0 dire flail and carrying a wand of roots (8).
Electricity crackles from Lodul's apparatus.
The bolt of lightning hits you!!
An ogre comes into view. It is wielding a +0 giant club.
The searing ray hits the ogre!
The ogre is moderately wounded.
The ogre shouts!
You hear a shout!
Lodul stamps his feet.
An ogre comes into view. It is wielding a +0 giant spiked club.
The ogre attacks as you move away! The ogre hits you with a +0 giant club!
The ogre shouts!
You hear a shout!
An ogre comes into view. It is wielding a +0 giant spiked club.
Casting: Searing Ray (safe; 1% risk of failure)
Confirm with . or Enter, or press ? or * to list all spells.
Aiming: Searing Ray (safe; 1% risk of failure)
Press: ? - help, Shift-Dir - straight line, f - ogre
Aim: an ogre, wielding a +0 giant club (moderately wounded, 92% to hit)
The searing ray hits the ogre.
The ogre is heavily wounded.
The searing ray hits the ogre!
The ogre is moderately wounded. (Press . to maintain the ray.) Electricity crackles from Lodul's apparatus.
The bolt of lightning hits you!
* * * LOW HITPOINT WARNING * * *
The searing ray hits the ogre!
The ogre is almost dead.
The searing ray hits the ogre!
The ogre is heavily wounded.
The ogre hits you with a +0 giant club!
You die...

##### #######
#<..###...O...
#...@O.O.OO.#
#...###...#.#
##.## #.## #.#
.# #.# # #.#
... ...


You could see Lodul and 4 ogres.

Vanquished Creatures
  Urug (D:10)
  A komodo dragon (D:8)
  2 trolls
  Sigmund (D:5)
  A vampire (D:9)
  A wraith (D:9)
  18 yaks
  A wyvern (D:8)
  5 steam dragons
  3 vampire mosquitoes (D:10)
  An acid dragon (D:9)
  2 water moccasins (D:6)
  3 sky beasts
  3 ice beasts
  A centaur (D:8)
  2 ogres
  A kobold brigand (D:9)
  2 phantoms (D:7)
  2 bullfrogs
  17 wights
  4 howler monkeys
  3 orc priests
  Crazy Yiuf (D:5)
  A gnoll bouda (D:8)
  3 hounds
  A jelly (D:5)
  2 sleepcaps (D:6)
  3 iguanas
  Ijyb (D:5)
  Terence (D:2)
  6 orc wizards
  8 adders
  7 gnolls
  A white imp (D:7)
  A worm (D:3)
  4 dart slugs
  16 orcs
  5 bats
  6 endoplasms
  5 goblins
  8 hobgoblins
  7 jackals
  4 quokkas
  8 ball pythons
  A frilled lizard (D:2)
  12 kobolds
  6 rats
193 creatures vanquished.

Notes
Turn   | Place    | Note
-------+----------+-------------------------------------------
     0 | D:1      | McKennaii the Demigod Conjurer began the quest for the Orb.
     0 | D:1      | Reached XP level 1. HP: 14/14 MP: 5/5
   179 | D:1      | Reached XP level 2. HP: 7/20 MP: 0/7
   543 | D:1      | Reached skill level 4 in Conjurations
   957 | D:2      | Learned a level 2 spell: Searing Ray
   990 | D:2      | Reached XP level 3. HP: 26/26 MP: 3/9
  1462 | D:2      | Noticed Terence
  1470 | D:2      | Killed Terence
  1471 | D:2      | Reached XP level 4. HP: 24/33 MP: 0/11
  2373 | D:3      | Found Wyntont's Armour Emporium.
  3264 | D:4      | Reached XP level 5. HP: 38/38 MP: 9/13
  3269 | D:4      | Learned a level 4 spell: Iskenderun's Mystic Blast
  3344 | D:4      | Reached skill level 5 in Conjurations
  4284 | D:5      | Entered Level 5 of the Dungeon
  4284 | D:5      | Noticed an ice beast
  4287 | D:5      | Killed an ice beast
  4288 | D:5      | Reached XP level 6. HP: 31/45 MP: 9/15
  4416 | D:5      | Noticed Ijyb
  4420 | D:5      | Killed Ijyb
  4597 | D:5      | Noticed Sigmund
  4600 | D:5      | Killed Sigmund
  4601 | D:5      | Reached skill level 6 in Conjurations
  4703 | D:5      | HP: 1/45 [ice beast (5)]
  4705 | D:5      | Reached skill level 5 in Spellcasting
  4705 | D:5      | Reached XP level 7. HP: 1/50 MP: 2/18
  5111 | D:5      | Found a runed translucent door.
  5112 | D:5      | Noticed Crazy Yiuf
  5537 | D:5      | Killed Crazy Yiuf
  5681 | D:6      | Noticed a troll
  5687 | D:6      | Killed a troll
  5688 | D:6      | Reached skill level 7 in Conjurations
  5881 | D:6      | Found the +18 Lear's hauberk
  5999 | D:3      | Bought the +1 cloak of Lyjoteymm {Str+3} for 228 gold
                  | pieces
  6110 | D:6      | Reached XP level 8. HP: 57/57 MP: 12/20
  6115 | D:6      | Reached skill level 1 in Armour
  6730 | D:6      | You fall into a shaft and drop 3 floors!
  6779 | D:9      | Reached skill level 8 in Conjurations
  6941 | D:8      | Identified 4 scrolls of acquirement
  7002 | D:8      | Reached XP level 9. HP: 54/62 MP: 10/23
  7097 | D:8      | Reached skill level 9 in Conjurations
  7098 | D:8      | Reached skill level 5 in Armour
  7926 | D:7      | Found a staircase to the Ecumenical Temple.
  8994 | D:8      | Reached XP level 10. HP: 69/69 MP: 15/26
  9143 | D:8      | Found a staircase to the Lair.
 10265 | D:9      | Reached skill level 10 in Conjurations
 11022 | D:10     | Entered Level 10 of the Dungeon
 11273 | D:10     | Noticed Urug
 11292 | D:10     | Killed Urug
 12068 | D:11     | Noticed Lodul
 12074 | D:11     | Slain by an ogre

Illustrated notes

Levels and vault maps discovered:
D:1:      tarquinn_simple_flora_water_a, layout_basic,
          shapermc_ecumenical_altar_mp_urbaneastern, minmay_close_crescents
D:2:      layout_rooms, minmay_quantized, uniq_terence
D:3:      layout_loops_ring, fiery_altar_vehumet, serial_shops,
          nicolae_shop_real_fake_doors, serial_aquarium,
          aquarium_bridge_long_joined [aquarium_subvault_wall,
          aquarium_subvault_balcony, aquarium_subvault_bridge,
          aquarium_subvault_bridge, aquarium_subvault_wall,
          aquarium_subvault_window], aquarium_window_1, aquarium_window_fake,
          aquarium_window_corridor_1, aquarium_view_2b, aquarium_view_2d,
          aquarium_balcony_1b, aquarium_pool_five, dk_vineyard_1
D:4:      layout_loops_ring, minivault_24
D:5:      layout_loops_ring, kennysheep_mini, uniq_crazy_yiuf_cottage,
          uniq_ijyb, uniq_sigmund
D:6:      layout_basic, hellmonk_guarded_unrand_lears
D:7:      layout_rooms, gammafunk_temple_overflow_pools, temple_fountains,
          grunt_decor_one_mirror, minmay_misc_feat_diagonals
D:8:      hellmonk_ruined_rings, layout_loops_ring, david_lair_shrubbed,
          minmay_strange_pillars, serial_park_tiny_2, nrook_uturn
D:9:      layout_basic
D:10:     layout_loops_ring, uniq_urug
D:11:     layout_loops_cross, minmay_radiant, uniq_lodul

Skill      XL: |  1  2  3  4  5  6  7  8  9 10 |
---------------+-------------------------------+-----
Spellcasting   | 2 3 4 5 6 7 8 9 |  9.3
Conjurations   | 4 5 6 7 8 9 10 | 10.6
Armour         | 3 5 7 |  7.6
Dodging        | |  1.7
Stealth        | |  1.7

Action                     |  1- 3 |  4- 6 |  7- 9 | 10-12 || total
---------------------------+-------+-------+-------+-------++-------
  Melee: Unarmed           |    24 |       |       |       ||    24
         Whip              |     1 |     3 |     2 |     7 ||    13
   Cast: Magic Dart        |    61 |    93 |    97 |    56 ||   307
         Searing Ray       |     3 |    12 |    59 |    39 ||   113
    Use: Scroll            |       |       |     9 |     3 ||    12
         Potion            |       |       |     2 |       ||     2
 Armour: Robe              |     7 |     4 |     1 |       ||    12
         Chain mail        |       |       |    93 |    58 ||   151
  Dodge: Dodged            |    35 |    13 |    36 |    35 ||   119
